 Dungeon Crawl Stone Soup version 0.28-a0-1629-gf728b707aa (webtiles) character file.

Game seed: 9997294898929696084

448 Cecur the Grave Robber (level 7, -7/55 HPs)
             Began as a Ghoul Necromancer on Jan 25, 2022.
             Was a Believer of Cheibriados.
             Killed by an exploding Eustachio (16 damage)
             ... ignited by their inner flame
             ... on level 5 of the Dungeon.
             The game lasted 00:17:50 (4758 turns).

Cecur the Grave Robber (Ghoul Necromancer)          Turns: 4758, Time: 00:17:50

Health: -7/55      AC:  7    Str: 18    XL:     7   Next: 3%
Magic:  0/9        EV: 10    Int: 18    God:    Cheibriados [**....]
Gold:   292        SH:  0    Dex: 15    Spells: 9/10 levels left

rFire   + . .      SeeInvis .   h - +2 trident (venom)
rCold   + . .      Faith    .   (no shield)
rNeg    + + +      Spirit   +   f - +0 scale mail
rPois   ∞          Reflect  .   (no helmet)
rElec   .          Harm     .   (no cloak)
rCorr   .          Rampage  .   j - +0 pair of gloves
Will    .....                   (no boots)
Stlth   +.........              c - amulet of guardian spirit
HPRegen 0.18/turn               n - ring of protection from fire
MPRegen 0.11/turn               (no ring)

@: about to teleport, very slightly contaminated, very slow
A: claws 1, cold resistance 1, negative energy resistance 3, inhibited
regeneration, torment resistance 2
a: Renounce Religion, Bend Time


You were on level 5 of the Dungeon.
You worshipped Cheibriados.
Cheibriados was pleased with you.
You visited 1 branch of the dungeon, and saw 5 of its levels.

You collected 292 gold pieces.

Inventory:

Hand Weapons
 g - a +0 dagger
 h - a +2 trident of venom (weapon)
 i - the +8 dagger of Action {freeze, rN++ Str-5 Stlth+}
   (You took it off a goblin on level 2 of the Dungeon)

   It freezes those it strikes, dealing additional cold damage.
   It can also slow down cold-blooded creatures.
   Str:       It affects your strength (-5).
   rN:        It greatly protects you from negative energy.
   Stlth:     It makes you more stealthy.
 k - a +0 war axe
 m - a +2 hunting sling of freezing
 w - a +3 quarterstaff of chaos
 x - a +0 mace of holy wrath
Armour
 a - a +0 robe
 f - a +0 scale mail (worn)
 j - a +0 pair of gloves (worn)
 s - a +0 ring mail
Jewellery
 c - an amulet of guardian spirit (around neck)
 n - a ring of protection from fire (left hand)
 y - a ring of see invisible
Wands
 o - a wand of flame (31)
 q - a wand of paralysis (10)
Scrolls
 e - a scroll of teleportation
 u - a scroll of identify {unknown}
Potions
 b - 3 potions of curing
 d - a potion of mutation {unknown}
 p - a potion of invisibility {unknown}
 r - 2 potions of might {unknown}
 t - a potion of heal wounds {unknown}
 v - 2 potions of lignification {unknown}


   Skills:
 + Level 2.0 Fighting
 + Level 0.5 Short Blades
 + Level 3.3 Polearms
 + Level 2.8 Armour
 + Level 2.3 Dodging
 + Level 2.6 Stealth
 + Level 0.3 Unarmed Combat
 + Level 2.4 Spellcasting
 + Level 4.7 Necromancy


You had 9 spell levels left.
You knew the following spells:

 Your Spells              Type           Power      Damage    Failure   Level
a - Pain                  Necr           76%        1d7       8%          1

Your spell library contained the following spells:

 Spells                   Type           Power      Damage    Failure   Level
 Animate Skeleton         Necr           38%        N/A       8%          1
 Vampiric Draining        Necr           19%        2d7       22%         3
 Apportation              Tloc           4%         N/A       47%         1
 Sting                    Tmut/Pois      8%         1d3       47%         1
 Summon Small Mammal      Summ           8%         N/A       47%         1
 Animate Dead             Necr           9%         N/A       58%         4
 Poisonous Vapours        Pois/Air       4%         N/A       63%         2
 Agony                    Necr           19%        N/A       91%         5
 Olgreb's Toxic Radiance  Pois           2%         N/A       99%         4


Dungeon Overview and Level Annotations

Branches:
Dungeon (5/15)
 Temple: D:4-7

Altars:
Cheibriados
Dithmenos
Kikubaaqudgha
Trog

Shops:
D:2 [

Annotations:
D:5 issech's ghost, novice TrFi


Innate Abilities, Weirdness & Mutations

You thrive by killing the living.
You are immune to poison.
You have sharp fingernails.
Your flesh is cold resistant. (rC+)
You are immune to negative energy. (rN+++)
You do not regenerate when monsters are visible.
You are immune to unholy pain and torment.


Message History

The puff of frost hits you. You resist. The quokka barely misses you.
Eustachio hits you with a +0 rapier. The ufetubus hits you. x2
The white imp barely misses you.
Your Fighting skill increases to level 2!
As you read the scroll labelled ZUTE SEFIQOST, it crumbles to dust.
The creatures around you are filled with an inner flame!
It was a scroll of immolation.
The bat barely misses you. The bat hits you but does no damage.
The ufetubus hits you but does no damage.
The ufetubus hits you. The ufetubus misses you. The ufetubus hits you.
The quokka bites you but does no damage.
Eustachio hits you with a +0 rapier!
The white imp hits you but does no damage.
As you read the scroll labelled SERYSIYFEI, it crumbles to dust.
You feel strangely unstable.
It was a scroll of teleportation.
The bat hits you but does no damage. The bat barely misses you.
The ufetubus hits you but does no damage.
The ufetubus barely misses you. The ufetubus closely misses you.
The ufetubus hits you. The bat hits you but does no damage.
The quokka barely misses you. The ufetubus barely misses you. x2
Eustachio hits you with a +0 rapier. The white imp closely misses you.
The ufetubus hits you but does no damage. x2
You puncture the quokka!
The quokka's corpse disappears in a puff of smoke!
The quokka explodes!
The fiery explosion engulfs the quokka!!
The quokka's corpse disappears in a puff of smoke!
The fiery explosion engulfs Eustachio!!!
Cheibriados appreciates the change of pace.
Cheibriados raises the support of your attributes as your movement slows.
You feel better.
The white imp disappears in a puff of smoke!
The ufetubus disappears in a puff of smoke!
The bat disappears in a puff of smoke!
The ufetubus disappears in a puff of smoke!
The fiery explosion engulfs you! You resist.
* * * LOW HITPOINT WARNING * * *
Eustachio explodes!
The fiery explosion engulfs you! You resist.
You die...

...........#
....#..#>.#
..........#####
..............#
..............#
.............##
.........§§§§#
.........§§§§#
.........§§@§#
.........§§.#
........#####
.(......#
.....#.##
...[... ...#..#
......


There were no monsters in sight!

Vanquished Creatures
  Eustachio (D:5)
  A sky beast (D:5)
  An orc priest (D:3)
  Crazy Yiuf (D:4)
  A hound (D:3)
  A jelly (D:5)
  A centaur skeleton (D:5)
  2 bullfrog skeletons
  Natasha (D:4)
  A hound skeleton (D:4)
  6 adders
  An adder skeleton (D:4)
  A dart slug (D:2)
  5 orcs
  4 endoplasms
  5 giant cockroaches
  4 goblins
  9 hobgoblins
  A quokka (D:1)
  A ball python (D:2)
  6 bats
  2 frilled lizards
  6 kobolds
  2 rats (D:2)
64 creatures vanquished.

Notes
Turn   | Place    | Note
-------+----------+-------------------------------------------
     0 | D:1      | Cecur the Ghoul Necromancer began the quest for the Orb.
     0 | D:1      | Reached XP level 1. HP: 14/14 MP: 2/2
   607 | D:1      | Reached XP level 2. HP: 14/20 MP: 0/3
  1337 | D:1      | Found a faded altar of an unknown god.
  1394 | D:1      | Prayed at the altar of an unknown god.
  1394 | D:1      | Became a worshipper of Cheibriados the Contemplative
  1394 | D:1      | Reached * piety under Cheibriados
  1526 | D:1      | Reached XP level 3. HP: 26/26 MP: 0/5
  1854 | D:2      | Identified the +8 dagger of Action {freeze, rN++ Str-5
                  | Stlth+}
  1894 | D:2      | Found Vyzaote's Armour Shoppe.
  1939 | D:2      | Found a bloodstained altar of Trog.
  1997 | D:2      | Reached XP level 4. HP: 33/33 MP: 6/6
  2008 | D:2      | Reached ** piety under Cheibriados
  2503 | D:3      | Found a shadowy altar of Dithmenos.
  2600 | D:3      | Found an ancient bone altar of Kikubaaqudgha.
  2658 | D:3      | Reached skill level 1 in Polearms
  2658 | D:3      | Reached skill level 1 in Armour
  2919 | D:3      | Reached XP level 5. HP: 31/39 MP: 4/7
  3065 | D:3      | Found a snail-covered altar of Cheibriados.
  3555 | D:4      | Reached skill level 1 in Fighting
  3975 | D:4      | Noticed Natasha
  3983 | D:4      | Killed Natasha
  3984 | D:4      | Reached XP level 6. HP: 27/47 MP: 1/8
  4182 | D:4      | Found a runed translucent door.
  4183 | D:4      | Noticed Crazy Yiuf
  4233 | D:4      | Killed Crazy Yiuf
  4383 | D:5      | Entered Level 5 of the Dungeon
  4408 | D:5      | Found a transporter.
  4411 | D:5      | Noticed issech's ghost (novice TrFi)
  4412 | D:5      | Found a transporter.
  4423 | D:5      | Noticed a sky beast
  4433 | D:5      | Killed a sky beast
  4734 | D:5      | Reached XP level 7. HP: 53/53 MP: 9/9
  4741 | D:5      | Noticed Eustachio
  4758 | D:5      | Killed Eustachio
  4758 | D:5      | Killed by an exploding Eustachio... ignited by their inner
                  | flame

Illustrated notes

Levels and vault maps discovered:
D:1:      zelgadis_glass_arrival_small, layout_basic,
          dreamdust_ecumenical_altar_angels_and_demons, lemuel_old_faithful
D:2:      layout_loops_cross, serial_shops, shop_fountains, basic_altar
D:3:      layout_loops_cross, nicolae_kikubaaqudgha_miasma_corner,
          amcnicky_altar_gilded, nicolae_dithmenos_the_darkroom, minivault_25
D:4:      layout_basic, uniq_natasha, uniq_crazy_yiuf_cottage
D:5:      layout_rooms, mainiacjoe_overflow_alcove_1, trog_book,
          gammafunk_ghost_mausoleum, lightli_sewer_entry_pipes,
          kennysheep_generic_room_9, uniq_ijyb, uniq_eustachio,
          uniq_prince_ribbit1

Skill      XL: |  1  2  3  4  5  6  7 |
---------------+----------------------+-----
Spellcasting   | 2 |  2.4
Dodging        | 2 |  2.3
Polearms       | 1 2 3 |  3.3
Armour         | 1 2 |  2.8
Fighting       | 1 2 |  2.0
Short Blades   | |  0.5
Stealth        | |  2.6
Unarmed Combat | |  0.3
Necromancy     | |  4.7

Action                   |  1- 3 |  4- 6 |  7- 9 || total
-------------------------+-------+-------+-------++-------
Melee: Unarmed           |    44 |       |       ||    44
       Punch             |     1 |     3 |       ||     4
       Dagger            |    28 |       |       ||    28
       Trident           |    23 |   103 |     4 ||   130
 Cast: Pain              |    22 |     3 |     5 ||    30
  Use: Potion            |     1 |       |       ||     1
       Scroll            |       |       |     2 ||     2
Armor: Robe              |    19 |       |       ||    19
       Scale mail        |    31 |    51 |    23 ||   105
Dodge: Dodged            |    69 |    54 |    23 ||   146

Table legend: (Time is in decaauts)
 A = Elapsed time spent in this place.
 B = Non-inter-level travel time spent in this place.
 C = Inter-level travel time spent in this place.
 D = Time resting spent in this place.
 E = Time spent auto-exploring this place.
 F = Levels seen in this place.
 G = Mean time per level.
                   A        B        C        D        E       F      G
               +--------+--------+--------+--------+--------+-----+--------+
         Total |   5808 |   5797 |     11 |    842 |   3950 |   5 | 1161.6 |
       Dungeon |   5808 |   5797 |     11 |    842 |   3950 |   5 | 1161.6 |
               +--------+--------+--------+--------+--------+-----+--------+

Top non-repeatable levels by time:
     D:1: 1548 daAuts
     D:4: 1317 daAuts
     D:3: 1301 daAuts
     D:2: 1206 daAuts
     D:5: 434 daAuts
